 Dungeon Crawl Stone Soup version 0.20.1-1-g8b1a95d (webtiles) character file.

37 acidapple the Conjurer (level 3, -1/19 HPs)
             Began as a Tengu Conjurer on Sept 9, 2017.
             Killed from afar by Sigmund (12 damage)
             ... with a puff of flame
             ... on level 2 of the Dungeon.
             The game lasted 00:05:43 (1378 turns).

acidapple the Conjurer (Tengu Conjurer)             Turns: 1378, Time: 00:05:44

Health: -1/19      AC:  3    Str:  8    XL:     3   Next: 41%
Magic:  7/7        EV: 12    Int: 16    God:
Gold:   57         SH:  0    Dex: 14    Spells: 5/6 levels left

rFire    . . .     SeeInvis .   d - -3 club (curse)
rCold    . . .     Gourm    .   (no shield)
rNeg     . . .     Faith    .   a - +0 robe
rPois    .         Spirit   .   (helmet restricted)
rElec    .         Reflect  .   e - +0 cloak
rCorr    .         Harm     .   (no gloves)
MR       .....                  (boots unavailable)
Stlth    ++........             (no amulet)
Regen    0.1/turn               (no ring)
MPRegen  0.1/turn               (no ring)

@: no status effects
A: beak, talons 3
a: no special abilities


You were on level 2 of the Dungeon.
You were very hungry.

You visited 1 branch of the dungeon, and saw 2 of its levels.

You collected 57 gold pieces.

Inventory:

Hand Weapons
 d - a cursed -3 club (weapon)
 j - a +0 dagger of speed
 p - a +2 whip of draining
Armour
 a - a +0 robe (worn)
 e - a +0 cloak (worn)
Scrolls
 f - a scroll of recharging
 n - a scroll of identify
Potions
 m - 2 potions of curing
Books
 b - a book of Conjurations

   Spells                             Type                      Level
   a - Magic Dart                     Conjuration                  1
   b - Searing Ray                    Conjuration                  2
   c - Dazzling Spray                 Conjuration/Hexes            3
   d - Fulminant Prism                Conjuration/Hexes            4
   e - Force Lance                    Conjuration/Translocation    4
   f - Iskenderun's Mystic Blast      Conjuration                  4
Comestibles
 c - a bread ration
 l - a royal jelly


   Skills:
 - Level 2.1 Dodging
 - Level 2.0 Stealth
 - Level 2.0 Spellcasting
 + Level 6.8 Conjurations


You had 5 spell levels left.
You knew the following spells:

 Your Spells              Type           Power        Failure   Level  Hunger
a - Magic Dart            Conj           ###.         1%          1    #......


Dungeon Overview and Level Annotations

Branches:
Dungeon (2/15)

Altars:

Annotations:
D:2 Robin, Sigmund


Innate Abilities, Weirdness & Mutations

You have a beak for a mouth.
You have claws for feet.


Message History

Autopickup is now on.
The goblin shouts! x2
The goblin shouts!
Sigmund points at you and mumbles some strange words.
You are confused.
You bump into the rock wall.
Sigmund zaps a wand.
You resist with significant effort.
You're too confused to move!
You bump into the rock wall.
Sigmund closely misses you. The goblin hits you but does no damage.
Sigmund casts a spell at you. The magic dart hits you!
You're too confused to move!
Sigmund screams, "Die, monster!"
Sigmund barely misses you. The goblin closely misses you.
You feel less confused. Sigmund casts a spell at you.
The puff of flame hits you!
Ouch! That really hurt!
You die...

,*,*** *...####..$.>.#.....##....
,,,* **#.##...##.#.########....
,,** **#....####.....######....
*,* ****,,....#..................
*,* *,,,,*###.#.###..#...........
*,***,**###...@g####.#######.....
*,,,,,**#...#.g.g# #.# #.....
*,,,.gg.g.######.###.##### #.#...
***,gg###** #@........###.....
***,* ######.##......... *,*
#.###........ *,* #.#.....#....
*,* ##............ *,*
########....g#.#..... *,*
#........##r......... *,*
#........##.##..#.... *** *,*
#.......###.##..##.##


You could see Sigmund and 2 goblins.

Vanquished Creatures
  4 dart slugs (D:1)
  A leopard gecko (D:1)
  8 goblins
  3 hobgoblins
  A ball python (D:1)
  2 bats
  2 frilled lizards (D:1)
  3 kobolds
  4 rats
28 creatures vanquished.

Notes
Turn   | Place    | Note
-------+----------+-------------------------------------------
     0 | D:1      | acidapple the Tengu Conjurer began the quest for the Orb.
     0 | D:1      | Reached XP level 1. HP: 10/10 MP: 4/4
   436 | D:1      | Reached XP level 2. HP: 15/15 MP: 3/6
   454 | D:1      | Reached skill level 6 in Conjurations
   755 | D:1      | Reached XP level 3. HP: 19/19 MP: 1/7
  1072 | D:2      | Noticed Sigmund
  1079 | D:2      | Noticed Robin
  1378 | D:2      | Killed from afar by Sigmund

Skill      XL: |  1  2 |
---------------+-------+-----
Conjurations   | 6 |  6.8
Dodging        | |  2.1
Stealth        | |  2.0
Spellcasting   | |  2.0

Action                   || total
-------------------------++-------
Melee: Club              ||    22
       Peck              ||     2
       Kick              ||     1
       Unarmed           ||     4
 Cast: Magic Dart        ||    49
  Use: Scroll            ||     6
       Potion            ||     2
  Eat: Chunk             ||     1
Armor: Robe              ||     7
       Skin              ||     1
Dodge: Dodged            ||    35
